 Dungeon Crawl Stone Soup version 0.28.0-47-ge53b351184 (console) character file.

Game seed: 9054430135588014934

50 Cab the Chopper (level 3, -1/29 HPs)
             Began as a Demonspawn Fighter on May 4, 2022.
             Succumbed to an adder's poison
             ... on level 2 of the Dungeon.
             The game lasted 00:02:10 (1423 turns).

Cab the Chopper (Demonspawn Fighter)                Turns: 1423, Time: 00:02:11

Health: -1/29      AC:  6    Str: 18    XL:     3   Next: 55%
Magic:  3/3        EV:  9    Int:  9    God:
Gold:   62         SH:  4    Dex: 12    Spells: 2/2 levels left

rFire   . . .      SeeInvis .   a - +0 war axe
rCold   . . .      Faith    .   c - +0 buckler
rNeg    . . .      Spirit   .   b - +0 scale mail
rPois   .          Reflect  .   (no helmet)
rElec   .          Harm     .   (no cloak)
rCorr   .          Rampage  .   (no gloves)
Will    .....                   (no boots)
Stlth   ..........              (no amulet)
HPRegen 0.09/turn               (no ring)
MPRegen 0.08/turn               (no ring)

@: lethally poisoned (-1 -> -10)
A: claws 1
a: no special abilities


You were on level 2 of the Dungeon.
You visited 1 branch of the dungeon, and saw 3 of its levels.

You collected 62 gold pieces.

Inventory:

Hand Weapons
 a - a +0 war axe (weapon)
Armour
 b - a +0 scale mail (worn)
 c - a +0 buckler (worn)
Jewellery
 f - an amulet of faith
Scrolls
 e - a scroll of silence {unknown}
 g - a scroll of noise {unknown}
Potions
 d - 2 potions of might


   Skills:
 - Level 3.0 Fighting
 + Level 3.6 Axes
 - Level 2.6 Armour
 - Level 2.6 Shields


You had 2 spell levels left.
You didn't know any spells.
Your spell library contained the following spells:

 Spells                   Type           Power      Damage    Failure   Level
 Passage of Golubria      Tloc           0%         N/A       100%        4
 Silence                  Hex/Air        0%         N/A       100%        5
 Lehudib's Crystal Spear  Conj/Erth      0%         10d2      100%        8


Dungeon Overview and Level Annotations

Branches:
Dungeon (3/15)

Altars:


Innate Abilities, Weirdness & Mutations

You have sharp fingernails.


Message History

You feel sick.
You feel sick.
You feel sick.
You are no longer poisoned.
You see here the +2 robe of the Hippo {Harm}.
You see here an adder corpse.
You see here a +0 club.
An adder comes into view.
The adder hisses angrily.
There is a stone staircase leading down here.
You climb downwards.
There is a stone staircase leading up here.
You start resting.
HP restored.
You climb upwards.
The adder bites you. x2
You are poisoned.
The adder poisons you!
There is a stone staircase leading down, spattered with blood here.
You closely miss the adder.
You feel sick.
The adder bites you but does no damage. x2
You closely miss the adder.
You feel sick. The adder barely misses you. The adder closely misses you.
You miss the adder.
You feel sick.
You are no longer poisoned.
You block the adder's attack. The adder closely misses you.
You miss the adder. The adder barely misses you.
You closely miss the adder. The adder bites you. x2
You are poisoned.
The adder poisons you!
You closely miss the adder.
You feel sick. The adder bites you.
You are lethally poisoned!
The adder poisons you! The adder bites you.
* * * LOW HITPOINT WARNING * * *
You barely miss the adder.
* * * LOW HITPOINT WARNING * * *
You feel very sick.
The adder bites you but does no damage. x2
You hit the adder.
The adder is moderately wounded.
You die...

▒∙∙∙ ▒∙∙∙ ∙∙∙ ▒▒▒▒▒▒ ∙∙
▒▒▒▒▒▒▒∙∙∙∙▒ ∙ ▒∙ ▒∙∙∙∙∙∙∙∙▒∙▒
∙▒ ▒∙▒▒▒▒▒ ▒∙▒▒▒▒∙∙∙∙∙▒
∙▒▒▒▒∙∙∙∙∙▒▒▒▒▒∙▒▒▒∙∙∙∙∙∙▒▒▒▒▒
∙∙∙∙∙∙∙∙∙∙∙∙∙∙∙∙@S∙∙∙∙∙∙∙∙∙∙∙▒
∙∙∙∙∙∙∙▒▒▒▒∙∙∙∙∙∙∙▒▒∙∙∙∙∙∙∙▒∙▒
∙∙∙▒▒▒∙▒▒▒∙∙8∙∙∙8∙∙▒▒∙∙∙∙∙∙▒∙▒
∙∙∙'∙∙∙∙▒∙∙∙∙∙∙∙∙∙∙∙▒∙∙∙∙∙∙▒∙▒▒
∙∙∙▒∙∙∙∙▒∙∙∙∙∙8∙∙∙∙∙▒∙∙∙∙∙∙∙∙∙▒
∙∙∙▒∙▒▒∙▒∙∙<∙∙∙∙∙<∙∙▒∙∙∙▒▒▒▒∙∙▒
∙▒▒▒∙▒ ▒▒∙∙∙∙∙8∙∙∙∙∙▒∙∙∙▒ ▒∙∙▒
∙▒ ▒∙▒ ▒∙∙∙∙∙∙∙∙∙∙∙▒▒▒▒▒ ▒∙∙▒
∙▒▒▒∙▒▒▒▒▒∙∙8∙∙∙8∙∙▒▒
▒▒▒▒▒▒∙∙▒▒▒


You could see an adder.

Vanquished Creatures
  2 adders (D:2)
  A bat (D:1)
  An endoplasm (D:2)
  3 goblins
  5 hobgoblins
  6 jackals (D:1)
  2 quokkas (D:1)
  2 ball pythons (D:1)
  3 frilled lizards (D:1)
  2 kobolds (D:1)
  A spectral goblin (D:1)
28 creatures vanquished.

Vanquished Creatures (others)
  A fungus (D:1)
  A plant (D:1)
2 creatures vanquished.

Grand Total: 30 creatures vanquished

Notes
Turn   | Place    | Note
-------+----------+-------------------------------------------
     0 | D:1      | Cab the Demonspawn Fighter began the quest for the Orb.
     0 | D:1      | Reached XP level 1. HP: 18/18 MP: 1/1
   352 | D:1      | Found a faded altar of an unknown god.
   365 | D:1      | Gained mutation: You have sharp fingernails. [demonic
                  | ancestry]
   365 | D:1      | Reached XP level 2. HP: 23/24 MP: 2/2
   964 | D:2      | Reached XP level 3. HP: 18/29 MP: 3/3
  1234 | D:2      | Identified the +2 robe of the Hippo {Harm}
  1423 | D:2      | Succumbed to an adder's poison

Illustrated notes

Levels and vault maps discovered:
D:1:      wander_arrival_fairy_ring, layout_loops_ring,
          dreamdust_ecumenical_altar_drowned_temple
D:2:      layout_basic, grunt_ministairs_10, minmay_pentomino_t4
D:3:      layout_loops_ring, gammafunk_temple_overflow_pools,
          minmay_joined_circles

Skill      XL: |  1  2 |
---------------+-------+-----
Axes           | 2 3 |  3.6
Fighting       | |  3.0
Armour         | |  2.6
Shields        | |  2.6

Action                   || total
-------------------------++-------
Melee: War axe           ||    90
Armor: Scale mail        ||    35
Dodge: Dodged            ||    52
Block: Buckler           ||    19
